 Dungeon Crawl Stone Soup version 0.27-a0-1105-g946c659c87 (webtiles) character file.

Game seed: 16588566542221470607

2 kodamatunes15 the Grave Robber (level 1, 0/13 HPs)
             Began as a Gnoll Necromancer on Apr 30, 2021.
             Slain by a ball python (1 damage)
             ... on level 1 of the Dungeon.
             The game lasted 00:01:44 (191 turns).

kodamatunes15 the Grave Robber (Gnoll Necromancer)   Turns: 191, Time: 00:01:46

Health: 0/13       AC:  2    Str:  7    XL:     1   Next: 40%
Magic:  6/6        EV: 10    Int: 14    God:
Gold:   0          SH:  0    Dex: 12    Spells: 8/9 levels left

rFire    . . .     SeeInvis .   b - +0 short sword
rCold    . . .     Faith    .   (no shield)
rNeg     . . .     Spirit   .   a - +0 robe
rPois    .         Reflect  .   (no helmet)
rElec    .         Harm     .   (no cloak)
rCorr    .         Rampage  .   (no gloves)
Will     .....                  (no boots)
Stlth    ++........             (no amulet)
HPRegen  0.04/turn              (no ring)
MPRegen  0.10/turn              (no ring)

@: constricted
A: fangs 1, strong nose, distributed training
a: no special abilities


You were on level 1 of the Dungeon.
You visited 1 branch of the dungeon, and saw 1 of its levels.

Inventory:

Hand Weapons
 b - a +0 short sword (weapon)
 d - a +0 flail
Missiles
 c - 10 poisoned darts
Armour
 a - a +0 robe (worn)


   Skills:
 + Level 0.0 Fighting
 + Level 0.0 Short Blades
 + Level 0.0 Long Blades
 + Level 0.0 Axes
 + Level 0.0 Maces & Flails
 + Level 0.0 Polearms
 + Level 0.0 Staves
 + Level 0.0 Slings
 + Level 0.0 Bows
 + Level 0.0 Crossbows
 + Level 0.0 Throwing
 + Level 0.0 Armour
 + Level 4.4 Dodging
 + Level 4.0 Stealth
 + Level 0.0 Shields
 + Level 0.0 Unarmed Combat
 + Level 4.8 Spellcasting
 + Level 0.0 Conjurations
 + Level 0.0 Hexes
 + Level 0.0 Summonings
 + Level 7.0 Necromancy
 + Level 0.0 Translocations
 + Level 0.0 Transmutations
 + Level 0.0 Fire Magic
 + Level 0.0 Ice Magic
 + Level 0.0 Air Magic
 + Level 0.0 Earth Magic
 + Level 0.0 Poison Magic
 + Level 0.1 Invocations
 + Level 0.0 Evocations


You had 8 spell levels left.
You knew the following spells:

 Your Spells              Type           Power      Damage    Failure   Level
a - Pain                  Necr           92%        1d8       1%          1

Your spell library contained the following spells:

 Spells                   Type           Power      Damage    Failure   Level
 Animate Skeleton         Necr           46%        N/A       1%          1
 Vampiric Draining        Necr           11%        2d7       3%          3
 Animate Dead             Necr           11%        N/A       10%         4
 Agony                    Necr           23%        N/A       26%         5


Dungeon Overview and Level Annotations

Branches:
Dungeon (1/15)

Altars:


Innate Abilities, Weirdness & Mutations

You have very sharp teeth.
Your uncanny sense of smell can sniff out nearby items.
Your experience applies equally to all skills.


Message History

An endoplasm comes into view.
The endoplasm quivers.
You hit the bat. Your bite misses the bat.
The bat is moderately wounded.
The bat closely misses you.
You closely miss the bat. Your bite misses the bat.
The bat is moderately wounded.
The bat barely misses you.
You hit the hobgoblin but do no damage. The bat barely misses you.
A hobgoblin comes into view.
The hobgoblin closely misses you.
You closely miss the ball python. The bat misses you.
The ball python closely misses you. The ball python grabs you.
The ball python constricts you.
The hobgoblin hits you but does no damage.
You barely miss the hobgoblin. The bat hits you. x2
The ball python barely misses you. The ball python constricts you.
The hobgoblin hits you.
You escape the ball python's grasp.
The bat hits you but does no damage. The ball python closely misses you.
The ball python barely misses you. The bat hits you but does no damage.
You see here a +0 flail.
d - a +0 flail The bat hits you but does no damage.
The ball python closely misses you. x2
The hobgoblin shouts!
You hit the ball python.
The ball python is moderately wounded.
The endoplasm freezes you.
You are frozen.
* * * LOW HITPOINT WARNING * * *
The ball python closely misses you. The ball python grabs you.
The ball python constricts you. The hobgoblin completely misses you.
You hit the hobgoblin. Your bite misses the hobgoblin.
The hobgoblin is heavily wounded.
The ball python bites you but does no damage.
The ball python constricts you. The endoplasm closely misses you.
The hobgoblin hits you but does no damage.
The ball python barely misses you.
You die...

#.# # #.# .## ####.####..
#........# #........# #
#........# # #........# #
#...@....# # #..gJS...#
########## #...b....######.
'........## #...............
########..# #...............
###### ##.###........g......
.....# #..#####............
.....# ##.# #.............#
.....#####.###..............


You could see an endoplasm, 2 hobgoblins, a bat and a ball python.

Vanquished Creatures
  A bat (D:1)
  A giant cockroach (D:1)
2 creatures vanquished.

Notes
Turn   | Place    | Note
-------+----------+-------------------------------------------
     0 | D:1      | kodamatunes15 the Gnoll Necromancer began the quest for the
                  | Orb.
     0 | D:1      | Reached XP level 1. HP: 13/13 MP: 6/6
   191 | D:1      | Slain by a ball python

Illustrated notes

Levels and vault maps discovered:
D:1:      sevenhm_arrival_forest_fort_small_4, layout_basic

Action                   || total
-------------------------++-------
Melee: Unarmed           ||    35
       Short sword       ||     8
       Bite              ||     1
  Use: Scroll            ||     1
Armor: Robe              ||    25
Dodge: Dodged            ||    51

Table legend: (Time is in decaauts)
 A = Elapsed time spent in this place.
 B = Non-inter-level travel time spent in this place.
 C = Inter-level travel time spent in this place.
 D = Time resting spent in this place.
 E = Time spent auto-exploring this place.
 F = Levels seen in this place.
 G = Mean time per level.
                   A        B        C        D        E       F      G
               +--------+--------+--------+--------+--------+-----+--------+
         Total |    198 |     87 |    111 |      0 |      0 |   1 |  198.0 |
       Dungeon |    198 |     87 |    111 |      0 |      0 |   1 |  198.0 |
               +--------+--------+--------+--------+--------+-----+--------+

Top non-repeatable levels by time:
     D:1: 198 daAuts
